 Dungeon Crawl Stone Soup version 0.19-a0-559-ga3d69d0 (webtiles) character file.

110 esc the Skirmisher (level 4, 0/41 HPs)
             Began as a Minotaur Fighter on June 8, 2016.
             Was an Initiate of Ashenzari.
             Slain by a gnoll
             ... wielding a +0 spear
              (7 damage)
             ... on level 3 of the Dungeon.
             The game lasted 00:03:55 (1896 turns).

esc the Skirmisher (Minotaur Fighter)               Turns: 1896, Time: 00:03:56

Health: 0/41       AC:  7    Str: 25    XL:     4   Next: 61%
Magic:  3/3        EV:  8    Int:  5    God:    Ashenzari [......]
Gold:   84         SH: 10    Dex: 11    Spells: 0 memorised, 3 levels left

rFire  . . .     SeeInvis .     a - +1 long sword
rCold  . . .     Gourm    .     b - +0 scale mail
rNeg   . . .     Faith    +     c - +0 shield
rPois  .         Spirit   .     (helmet restricted)
rElec  .         Dismiss  .     (no cloak)
rCorr  .         Reflect  .     (no gloves)
SustAt .         Harm     .     (no boots)
MR     .....                    g - amulet of faith {Faith, !P}
Stlth  ..........               (no ring)
                                n - ring of flight {+Fly, !d}

@: mighty, not resistant to hostile enchantments, extremely unstealthy
A: retaliatory headbutt, horns 2
a: Curse Item, Renounce Religion, Evoke Flight


You were on level 3 of the Dungeon.
You worshipped Ashenzari.
Ashenzari was noncommittal.
You were not hungry.

You visited 1 branch of the dungeon, and saw 3 of its levels.

You collected 84 gold pieces.

Inventory:

Hand Weapons
 a - a +1 long sword (weapon)
 p - a +0 blowgun
   (You took it off a kobold on level 3 of the Dungeon)
Missiles
 k - 85 stones (quivered)
 q - 8 poisoned needles
Armour
 b - a +0 scale mail (worn)
 c - a +0 shield (worn)
Jewellery
 g - an amulet of faith (around neck) {Faith, !P}
   (You found it on level 1 of the Dungeon)
 n - a ring of flight (left hand) {+Fly, !d}
   (You found it on level 2 of the Dungeon)
 o - an uncursed ring of ice {rC+, rF-}
   (You found it on level 2 of the Dungeon)
Scrolls
 j - a scroll of teleportation
Potions
 d - 2 potions of might
 e - 2 potions of resistance
 l - a potion of agility {unknown}
 m - a potion of curing {unknown}
Comestibles
 f - 4 bread rations {@e1}
 h - a chunk of flesh {@w0}
 i - a meat ration {@e2}


   Skills:
 + Level 4.4 Fighting
 + Level 3.2 Long Blades
 + Level 4.3 Armour
 + Level 1.9 Dodging
 + Level 4.3 Shields


You had 3 spell levels left.
You didn't know any spells.

Dungeon Overview and Level Annotations

Branches:
Dungeon (3/15)

Altars:
Ashenzari
Fedhas
Nemelex Xobeh
Ru


Innate Abilities, Weirdness & Mutations

You reflexively headbutt those who attack you in melee.
You have a pair of horns on your head.


Message History

The gnoll shouts!
You block the bat's attack.
The jackal pauses to sniff the ground.
The gnoll moves out of view.
The bat hits you but does no damage.
A jackal comes into view.
The jackal barks!
The bat hits you but does no damage. You block the bat's attack.
The gnoll hits you from afar with a halberd.
The jackal barely misses you. x2
You take 5 damage, and have 35/41 hp.
The jackal bites the plant but does no damage.
The bat barely misses you. You furiously retaliate!
You headbutt the bat.
You kill the bat!
The jackal bites the plant but does no damage.
Found an escape hatch in the ceiling.
Some of the chunks of flesh in your inventory have rotted away.
You closely miss the jackal. Your headbutt misses the jackal.
You block the jackal's attack. The jackal barely misses you.
You furiously retaliate!
You headbutt the jackal!
You kill the jackal!
You slash the jackal!
You kill the jackal!
You block the gnoll's attack. The jackal barely misses you.
You furiously retaliate!
You headbutt the jackal. You closely miss the jackal.
The gnoll hits you from afar with a halberd.
You block the jackal's attack.
The jackal bites you but does no damage.
You take 2 damage, and have 35/41 hp.
You hit the jackal.
You kill the jackal!
You closely miss the jackal.
The jackal bites you but does no damage.
The jackal barely misses you.
The gnoll hits you from afar with a halberd.
You take 4 damage, and have 31/41 hp.
The gnoll shouts!
You block the jackal's attack.
The gnoll shouts!
You closely miss the jackal. Your headbutt misses the jackal.
The jackal barely misses you. The jackal bites you.
You take 3 damage, and have 29/41 hp.
You barely miss the jackal. Your headbutt misses the jackal.
You block the jackal's attack.
The jackal bites you but does no damage.
You hit the jackal. You block the jackal's attack. x2
Your shield and scale mail prevent you from hitting the jackal.
The jackal bites you but does no damage.
You barely miss the jackal. You block the jackal's attack. x2
You closely miss the jackal. Your headbutt misses the jackal.
The jackal bites you but does no damage.
You block the jackal's attack.
You barely miss the jackal. You headbutt the jackal.
You block the jackal's attack. The jackal barely misses you.
You hit the jackal.
You kill the jackal!
You block the hobgoblin's attack.
Your shield prevents you from hitting the hobgoblin.
The hobgoblin hits you but does no damage.
You hit the hobgoblin. The hobgoblin barely misses you.
You furiously retaliate!
You headbutt the hobgoblin. You closely miss the hobgoblin.
The hobgoblin hits you. You block the hobgoblin's attack.
You take 1 damage, and have 29/41 hp.
You slash the hobgoblin!
You kill the hobgoblin!
You block the jackal's attack.
You hit the jackal.
You kill the jackal!
You block the gnoll's attack. You block the gnoll's attack.
The gnoll closely misses you.
Some of the chunks of flesh in your inventory have rotted away.
Your shield and scale mail prevent you from hitting the gnoll.
The gnoll hits you from afar with a spear!
You block the gnoll's attack.
The gnoll hits you from afar with a spear.
You take 8 damage, and have 22/41 hp.
You hit the gnoll. You block the gnoll's attack.
The gnoll hits you from afar with a spear!
You take 8 damage, and have 14/41 hp.
You feel very mighty all of a sudden. The gnoll hits you with a halberd.
* * * LOW HITPOINT WARNING * * *
The gnoll hits you but does no damage.
You take 2 damage, and have 12/41 hp.
You slash the gnoll!
The jackal stops to sniff the ground.
The gnoll hits you with a halberd.
* * * LOW HITPOINT WARNING * * *
You block the gnoll's attack.
You take 4 damage, and have 8/41 hp.
You slice the gnoll!!
You kill the gnoll!
The gnoll hits you from afar with a spear.
* * * LOW HITPOINT WARNING * * *
The gnoll closely misses you.
You take 1 damage, and have 7/41 hp.
The gnoll hits you with a spear!
You die...

....... gg ≈≈.
≈≈≈≈≈≈≈≈≈≈#####≈≈.
≈≈≈≈≈≈≈≈≈≈≈≈≈≈≈≈≈≈≈.
..≈≈≈≈≈≈≈≈≈≈≈≈≈≈≈≈≈≈≈.
.....(...............P..
...<....................
..# #..#.........# .h#
#..#.###.###.# ..#
#.........##@# ..#
#.......#.##g# ..#
#..P.P......h#
.h####.†_..###.###
.......P.P.###..##
..(..............#
.........######..# #
.........# #..# .# ...
.........#######'##.#
#.#


You could see a gnoll and a jackal.

Vanquished Creatures
  An orc wizard (D:3)
  An adder (D:2)
  A gnoll (D:3)
  A dart slug (D:3)
  3 giant geckos
  3 orcs (D:3)
  4 bats
  5 giant cockroaches
  3 goblins
  8 hobgoblins
  5 jackals (D:3)
  4 giant newts
  6 kobolds
  4 rats
49 creatures vanquished.

Notes
Turn   | Place    | Note
--------------------------------------------------------------
     0 | D:1      | esc the Minotaur Fighter began the quest for the Orb.
     0 | D:1      | Reached XP level 1. HP: 19/19 MP: 0/0
   181 | D:1      | Found a shattered altar of Ashenzari.
   191 | D:1      | Became a worshipper of Ashenzari the Shackled
   322 | D:1      | Reached XP level 2. HP: 27/27 MP: 1/1
  1182 | D:2      | Reached skill level 4 in Fighting
  1191 | D:2      | Found a sacrificial altar of Ru.
  1218 | D:2      | Reached skill level 4 in Armour
  1218 | D:2      | Reached XP level 3. HP: 33/33 MP: 2/2
  1225 | D:2      | Reached skill level 1 in Dodging
  1585 | D:3      | Reached skill level 4 in Shields
  1637 | D:3      | Found a sparkling altar of Nemelex Xobeh.
  1683 | D:3      | Reached skill level 3 in Long Blades
  1683 | D:3      | Reached XP level 4. HP: 29/41 MP: 3/3
  1844 | D:3      | Found a blossoming altar of Fedhas.
  1894 | D:3      | HP: 8/41 [gnoll/halberd (5)]
  1896 | D:3      | Slain by a gnoll

Vault maps used:
D:1:      minmay_arrival_diagonal_passages, evilmike_ruin_ashenzari
D:2:      overflow_temple_1_default
D:3:      lemuel_castle_with_subvaults, nemelex_altar_shiori, fedhas_altar_1

Skill      XL: |  1  2  3 |
---------------+----------+-----
Fighting       | 4 |  4.4
Armour         | 4 |  4.3
Dodging        | 1 |  1.9
Shields        | 4 |  4.3
Long Blades    | 3 |  3.2

Action                   |  1- 3 |  4- 6 || total
-------------------------+-------+-------++-------
Melee: Long sword        |   102 |    27 ||   129
       Headbutt          |    12 |     1 ||    13
  Use: Scroll            |     4 |       ||     4
       Potion            |       |     1 ||     1
  Eat: Chunk             |     2 |     1 ||     3
Armor: Scale mail        |    38 |    14 ||    52
Dodge: Dodged            |    29 |    15 ||    44
Block: Shield            |    50 |    29 ||    79

Vault maps used:
D:1:      minmay_arrival_diagonal_passages, evilmike_ruin_ashenzari
D:2:      overflow_temple_1_default
D:3:      lemuel_castle_with_subvaults, nemelex_altar_shiori, fedhas_altar_1

Table legend:
 A = Turns spent in this place as a percentage of turns spent in the entire game.
 B = Non-inter-level travel turns spent in this place as a percentage of non-inter-level travel turns spent in the entire game.
 C = Inter-level travel turns spent in this place as a percentage of turns spent in this place.
 D = Turns resting spent in this place as a percentage of non-inter-level travel turns spent in this place.
 E = Turns spent auto-exploring this place as a percentage of non-inter-level travel turns spent in this place.
 F = Non-inter-level travel turns spent in this place divided by the number of levels of this place that you've seen.
                   A       B       C       D       E      F
               +-------+-------+-------+-------+-------+----------------------
         Total | 100.0 | 100.0 |   0.7 |   0.5 |  11.8 | 146.3
       Dungeon | 100.0 | 100.0 |   0.7 |   0.5 |  11.8 | 146.3
               +-------+-------+-------+-------+-------+----------------------

Table legend:
 A = Kills in this place as a percentage of kills in entire the game.
 B = Kills by you in this place as a percentage of kills by you in the entire game.
 C = Kills by friends in this place as a percentage of kills by friends in the entire game.
 D = Other kills in this place as a percentage of other kills in the entire game.
 E = Experience gained in this place as a percentage of experience gained in the entire game.
 F = Experience gained in this place divided by the number of levels of this place that you have seen.
                   A       B       C       D       E      F
               +-------+-------+-------+-------+-------+----------------------
         Total | 100.0 | 100.0 |  -nan |  -nan | 100.0 |  52.7
       Dungeon | 100.0 | 100.0 |  -nan |  -nan | 100.0 |  52.7
               +-------+-------+-------+-------+-------+----------------------
